Heat vs Checkers 1

Created - 27 décembre 2023 at 17:43

Goals
1 2 3 T
Heat 0 0 1 1
Checkers 1 0 5 3 8
Shots
1 2 3 T
Heat 0 5 13 18
Checkers 1 5 9 14 28

GoalsPenalties
1st period
No Goal
No Penalty
2nd period
1. Checkers 1 , Mitchell Stephens 23 (Bobby Trivigno 14) at 10:18 (PP)
2. Checkers 1 , Mitchell Stephens 24 (Sean Day 11, Kevin Poulin) at 12:36
3. Checkers 1 , Mitchell Stephens 25 (Bobby Trivigno 15) at 13:50
4. Checkers 1 , Martin Chromiak 11 (Givani Smith 21, Semyon Der-Arguchintsev 22) at 14:28
5. Checkers 1 , Martin Chromiak 12 (Tobias Bjornfot 9, Semyon Der-Arguchintsev 23) at 18:43
Sean Day (FLO) for Slashing (Minor) at 0:09
Dennis Gilbert (CAL) for Holding (Minor) at 0:55
Hunter Drew (CAL) for Hooking (Minor) at 10:17
3rd period
6. Checkers 1 , Austin Poganski 14 (Mitchell Stephens 29) at 2:18
7. Checkers 1 , Sean Day 4 (Bobby Trivigno 16, Mitchell Stephens 30) at 7:35 (PP)
8. Heat , Matt Luff 11 (Filip Hallander 7, Joe Hicketts 3) at 8:38
9. Checkers 1 , Karson Kuhlman 3 (Jack Finley 7, Isaak Phillips 10) at 16:53
Bobby Trivigno (FLO) for Fighting (Major) at 2:22
Ryan Murray (CAL) for Fighting (Major) at 2:22
Ryan Murray (CAL) for instigated a fight (Minor) at 2:22
Ryan Murray (CAL) for instigated a fight (10 Minutes Misconduct) at 2:22
Kevin Bahl (CAL) for Holding (Minor) at 7:31
Hudson Elynuik (CAL) for Holding (Minor) at 13:46
Chase Priskie (FLO) for Fighting (Major) at 18:15
Greg Printz (CAL) for Fighting (Major) at 18:15
Goalie Stats
Isaiah Saville (CAL), 9 saves from 13 shots - (0,692), L, 9-9-6, 34:28 minutes
Dylan St. Cyr (CAL), 11 saves from 15 shots - (0,733), 25:32 minutes
Kevin Poulin (FLO), 17 saves from 18 shots - (0,944), W, 11-7-2, 60:00 minutes
3 StarsOfficial
1 - Mitchell Stephens (FLO)
2 - Martin Chromiak (FLO)
3 - Givani Smith (FLO)
Referees : Bill Hetherington and Graham Skilliter
Linesman : Kirsten Welsh and Owen Gidlow
Game Note
Mitchell Stephens has scored a Hat Trick!
Dylan St. Cyr enters game at 14:28 of 2nd period
Ryan Murray beats up Bobby Trivigno at 2:22 of 3rd period
7:35 of 3rd period - Checkers 1 goal is going for a video replay. After video review, Goal.
8:38 of 3rd period - Heat goal is going for a video replay. After video review, Goal.
Chase Priskie and Greg Printz fight to a draw at 18:15 of 3rd period



Team Name Goals Shots Shots Attemp Shots Blocked PIM HIT PP PK FO%
Heat 118281230140 / 1 (0%)233%
Checkers 1 82863412302 / 5 (40%)067%

Heat
Player Name POS G A P +/- PIM HIT SHT SB MP PP MP PP SHT PK MP PK SHT FO% FOT GA TA
Adam WilsbyD000-102009:180:0000:0000% 000
Casey FitzgeraldD000-1000010:360:0000:0000% 001
Curtis HallC000000005:220:0000:13020% 500
Darren RaddyshD000-102009:270:0001:2100% 000
Dennis GilbertD0000200119:120:2201:0700% 001
Dryden HuntLW/RW000-3005327:390:3902:16017% 1211
Filip HallanderC011-3035124:030:2500:00035% 2610
Greg PrintzLW000-1540120:180:0701:5400% 201
Henry ThrunD0000000019:520:2301:2400% 000
Hudson ElynuikC/LW/RW000-2200022:300:2101:180100% 300
Hunter DrewRW000-2200018:560:2100:0000% 002
Joe HickettsD011-1001114:410:0002:1600% 000
Keaton MiddletonD000000000:000:0000:0000% 000
Kevin BahlD000-2222324:340:2303:0000% 002
Matt LuffRW101-3014024:490:2502:030100% 100
Philippe DaoustLW000000008:550:0000:4300% 000
Ryan MurrayD000-41701220:220:2300:3000% 001
Shane BowersC000-1000013:180:0001:11050% 202
Checkers 1
Player Name POS G A P +/- PIM HIT SHT SB MP PP MP PP SHT PK MP PK SHT FO% FOT GA TA
Alex GreenD000001005:270:1300:0000% 000
Austin PoganskiRW1012022022:462:3300:00067% 300
Axel AnderssonD000000004:530:0000:0000% 000
Bobby TrivignoLW0332522017:391:2110:400100% 110
Chase PriskieD0000500010:280:0000:0000% 000
Devante StephensD0000000011:500:0000:4300% 000
Givani SmithLW/RW0112068017:361:0000:0600% 010
Isaak PhillipsD0113000019:472:2700:0300% 000
Jack FinleyC0111061018:361:5000:00063% 800
Karson KuhlmanRW1011042017:360:2100:0000% 011
Martin ChromiakRW2022013017:541:4600:0600% 001
Maxence GuenetteD0003023019:472:2700:0300% 010
Mitchell StephensC3252034123:352:2110:40071% 2410
Pavel DorofeyevC000000118:310:5800:00040% 500
Pierre-Cedric LabrieLW0001020018:392:1200:0000% 010
Sean DayD1122201023:002:1410:0000% 010
Semyon Der-ArguchintsevC0222000115:030:0000:00070% 1040
Tobias BjornfotD0112011124:512:2200:4300% 000

Heat

5 vs 5 Forward
Line #Left WingCenterRight WingPHYDFOFWanted %Time %Time Play
1Dryden HuntFilip HallanderMatt Luff1224040%21:24
2Hudson ElynuikDryden HuntHunter Drew1223031%16:44
3Greg PrintzFilip HallanderDryden Hunt1222020%10:42
4Matt LuffDryden HuntHudson Elynuik122108%4:22
5 vs 5 Defense
Line #DefenseDefensePHYDFOFWanted %Time %Time Play
1Kevin BahlRyan Murray1224035%18:45
2Dennis GilbertHenry Thrun1223033%17:29
3Joe HickettsRyan Murray1222014%7:40
4Casey FitzgeraldAdam Wilsby1221017%9:18
Power Play Forward
Line #Left WingCenterRight WingPHYDFOFWanted %Time %Time Play
1Dryden HuntFilip HallanderMatt Luff1226054%0:25
2Hudson ElynuikDryden HuntHunter Drew1224046%0:21
Power Play Defense
Line #DefenseDefensePHYDFOFWanted %Time %Time Play
1Kevin BahlRyan Murray1226050%0:23
2Dennis GilbertHenry Thrun1224050%0:23
Penalty Kill 4 Players Forward
Line #CenterWingPHYDFOFWanted %Time %Time Play
1Dryden HuntMatt Luff12260100%4:49
2Dryden HuntMatt Luff122400%0:00
Penalty Kill 4 Players Defense
Line #DefenseDefensePHYDFOFWanted %Time %Time Play
1Kevin BahlRyan Murray1226071%3:25
2Dennis GilbertHenry Thrun1224029%1:24
Penalty Kill 3 Players
Line #WingPHYDFOFWanted %Time %Time PlayDefenseDefensePHYDFOFWanted %Time %Time Play
1Dryden Hunt122600%0:00 Kevin BahlRyan Murray122600%0:00
2Dryden Hunt122400%0:00 Dennis GilbertHenry Thrun122400%0:00
4 vs 4 Forward
Line #CenterWingPHYDFOFWanted %Time %Time Play
1Dryden HuntMatt Luff12260100%1:13
2Dryden HuntMatt Luff122400%0:00
4 vs 4 Defense
Line #DefensePHYDFOFWanted %Time %Time Play
1Kevin BahlRyan Murray1226051%60% - 0:37
2Dennis GilbertHenry Thrun1224049%40% - 0:36
Last Minutes Offensive
Left WingCenterRight WingDefenseDefense
Dryden HuntFilip HallanderMatt LuffKevin BahlRyan Murray
Last Minutes Defensive
Left WingCenterRight WingDefenseDefense
Dryden HuntFilip HallanderMatt LuffKevin BahlRyan Murray
Time
Total ForwardTotal DefenseLast Minutes OffensiveLast Minutes Defensive
60:00 60:00 0:000:00
Extra Forwards
Normal PowerPlayPenalty Kill
Filip Hallander, Greg Printz, Dryden HuntFilip Hallander, Greg PrintzDryden Hunt
Extra Defensemen
Normal PowerPlayPenalty Kill
Ryan Murray, Joe Hicketts, Kevin BahlKevin Bahl, Joe HickettsRyan Murray
Penalty Shots
Dryden Hunt, Hudson Elynuik, Greg Printz, Matt Luff, Filip Hallander
Goalie
Isaiah Saville, Dylan St. Cyr
Scratches
Chase Pearson (Healthy), Joseph Cramarossa (Healthy), Luke Philp (Healthy), Tye Felhaber (Healthy), Jacob Moverare (Healthy) Luka Burzan (Healthy), Nikita Okhotiuk (Healthy), Ethan Keppen (Healthy), Eemil Viro (Healthy), Tyson Kozak (Healthy) Beck Warm (Healthy)

Checkers 1

5 vs 5 Forward
Line #Left WingCenterRight WingPHYDFOFWanted %Time %Time Play
1Bobby TrivignoMitchell StephensAustin Poganski1224030%16:00
2Pierre-Cedric LabrieJack FinleyKarson Kuhlman1223032%16:46
3Givani SmithSemyon Der-ArguchintsevMartin Chromiak1222028%15:03
4Mitchell StephensPavel DorofeyevAustin Poganski1221010%5:23
5 vs 5 Defense
Line #DefenseDefensePHYDFOFWanted %Time %Time Play
1Tobias BjornfotSean Day1224039%20:47
2Isaak PhillipsMaxence Guenette1223032%17:03
3Chase PriskieDevante Stephens1222020%10:29
4Alex GreenAxel Andersson122109%4:53
Power Play Forward
Line #Left WingCenterRight WingPHYDFOFWanted %Time %Time Play
1Bobby TrivignoMitchell StephensAustin Poganski1046062%2:59
2Pierre-Cedric LabrieJack FinleyMitchell Stephens1224038%1:50
Power Play Defense
Line #DefenseDefensePHYDFOFWanted %Time %Time Play
1Tobias BjornfotSean Day1226049%2:22
2Isaak PhillipsMaxence Guenette1224051%2:27
Penalty Kill 4 Players Forward
Line #CenterWingPHYDFOFWanted %Time %Time Play
1Mitchell StephensBobby Trivigno12260100%0:46
2Mitchell StephensPierre-Cedric Labrie122400%0:00
Penalty Kill 4 Players Defense
Line #DefenseDefensePHYDFOFWanted %Time %Time Play
1Tobias BjornfotSean Day1226093%0:43
2Isaak PhillipsMaxence Guenette122407%0:03
Penalty Kill 3 Players
Line #WingPHYDFOFWanted %Time %Time PlayDefenseDefensePHYDFOFWanted %Time %Time Play
1Mitchell Stephens122600%0:00 Tobias BjornfotSean Day122600%0:00
2Mitchell Stephens122400%0:00 Isaak PhillipsMaxence Guenette122400%0:00
4 vs 4 Forward
Line #CenterWingPHYDFOFWanted %Time %Time Play
1Mitchell StephensBobby Trivigno12260100%1:13
2Bobby TrivignoPierre-Cedric Labrie122400%0:00
4 vs 4 Defense
Line #DefensePHYDFOFWanted %Time %Time Play
1Tobias BjornfotSean Day1226081%60% - 0:59
2Isaak PhillipsMaxence Guenette1224019%40% - 0:14
Last Minutes Offensive
Left WingCenterRight WingDefenseDefense
Bobby TrivignoMitchell StephensAustin PoganskiTobias BjornfotSean Day
Last Minutes Defensive
Left WingCenterRight WingDefenseDefense
Bobby TrivignoMitchell StephensAustin PoganskiTobias BjornfotSean Day
Time
Total ForwardTotal DefenseLast Minutes OffensiveLast Minutes Defensive
60:00 60:00 0:000:00
Extra Forwards
Normal PowerPlayPenalty Kill
Martin Chromiak, Bobby Trivigno, Pavel DorofeyevMartin Chromiak, Bobby TrivignoMartin Chromiak
Extra Defensemen
Normal PowerPlayPenalty Kill
Devante Stephens, Alex Green, Axel AnderssonDevante Stephens, Devante StephensAlex Green
Penalty Shots
Mitchell Stephens, Austin Poganski, Bobby Trivigno, Semyon Der-Arguchintsev, Martin Chromiak
Goalie
Kevin Poulin, Nolan Maier
Scratches
Mason Millman (Healthy), Luke Henman (Healthy), Andrei Bakanov (Healthy), Dmitry Ovchinnikov (Healthy), Mikael Pyyhtia (Healthy) Ryan Bednard (Healthy), Tommy Nappier (Healthy)


Play-by-Play

1st period


0:01 of 1st period - Mitchell Stephens wins face-off versus Dryden Hunt in neutral zone.
1:03 of 1st period - Snap shot by Pavel Dorofeyev.
1:03 of 1st period - Shot Misses the Net.
1:05 of 1st period - Slapshot by Tobias Bjornfot.
1:05 of 1st period - Shot Blocked by Dryden Hunt.
1:38 of 1st period - Icing by Joe Hicketts.
1:39 of 1st period - Jack Finley wins face-off versus Greg Printz in Heat zone.
2:20 of 1st period - Wrist shot by Mitchell Stephens.
2:20 of 1st period - Stopped by Isaiah Saville without a rebound.
2:21 of 1st period - Semyon Der-Arguchintsev wins face-off versus Filip Hallander in Heat zone.
2:22 of 1st period - Slapshot by Givani Smith.
2:22 of 1st period - Stopped by Isaiah Saville with a rebound.
2:52 of 1st period - Dryden Hunt is hit by Austin Poganski and loses puck.
3:56 of 1st period - Icing by Karson Kuhlman.
3:57 of 1st period - Hudson Elynuik wins face-off versus Semyon Der-Arguchintsev in Checkers 1 zone.
4:30 of 1st period - Snap shot by Austin Poganski.
4:30 of 1st period - Deflect By Givani Smith.
4:30 of 1st period - Stopped by Isaiah Saville with a rebound.
4:52 of 1st period - Kevin Bahl is hit by Maxence Guenette and loses puck.
5:48 of 1st period - Matt Luff is hit by Jack Finley and loses puck.
6:18 of 1st period - Maxence Guenette is hit by Greg Printz and loses puck.
8:32 of 1st period - Icing by Darren Raddysh.
8:33 of 1st period - Pavel Dorofeyev wins face-off versus Curtis Hall in Heat zone.
9:38 of 1st period - Jack Finley is hit by Filip Hallander and loses puck.
9:54 of 1st period - Bobby Trivigno is hit by Kevin Bahl and loses puck.
10:10 of 1st period - Icing by Martin Chromiak.
10:11 of 1st period - Jack Finley wins face-off versus Curtis Hall in Checkers 1 zone.
10:24 of 1st period - Adam Wilsby is hit by Jack Finley and loses puck.
10:37 of 1st period - Pierre-Cedric Labrie is hit by Matt Luff.
10:51 of 1st period - Snap shot by Givani Smith.
10:51 of 1st period - Stopped by Isaiah Saville without a rebound.
10:52 of 1st period - Semyon Der-Arguchintsev wins face-off versus Filip Hallander in Heat zone.
11:15 of 1st period - Hunter Drew is hit by Mitchell Stephens and loses puck.
11:40 of 1st period - Matt Luff is hit by Karson Kuhlman and loses puck.
12:23 of 1st period - Off-side.
12:24 of 1st period - Jack Finley wins face-off versus Shane Bowers in neutral zone.
12:27 of 1st period - Dryden Hunt is hit by Karson Kuhlman and loses puck.
12:50 of 1st period - Hunter Drew is hit by Givani Smith and loses puck.
12:57 of 1st period - Snap shot by Givani Smith.
12:57 of 1st period - Shot Misses the Net.
13:05 of 1st period - Givani Smith is hit by Adam Wilsby and loses puck.
13:35 of 1st period - Snap shot by Jack Finley.
13:35 of 1st period - Stopped by Isaiah Saville without a rebound.
13:36 of 1st period - Matt Luff wins face-off versus Jack Finley in Heat zone.
13:36 of 1st period - Matt Luff is hit by Jack Finley.
13:44 of 1st period - Snap shot by Pierre-Cedric Labrie.
13:44 of 1st period - Shot Misses the Net.
14:10 of 1st period - Snap shot by Austin Poganski.
14:10 of 1st period - Shot Blocked by Greg Printz.
14:25 of 1st period - Ryan Murray is hit by Givani Smith and loses puck.
Goals for this period are 0 for Heat vs 0 for Checkers 1.
Shots for this period are 0 for Heat vs 5 for Checkers 1.

2nd period


0:01 of 2nd period - Filip Hallander wins face-off versus Mitchell Stephens in neutral zone.
0:09 of 2nd period - Minor Penalty to Sean Day for Slashing.
0:10 of 2nd period - Filip Hallander wins face-off versus Mitchell Stephens in Checkers 1 zone.
0:13 of 2nd period - Wrist shot by Filip Hallander.
0:13 of 2nd period - Shot Misses the Net.
0:55 of 2nd period - Minor Penalty to Dennis Gilbert for Holding.
0:56 of 2nd period - Mitchell Stephens wins face-off versus Dryden Hunt in Heat zone.
0:57 of 2nd period - Wrist shot by Bobby Trivigno.
0:57 of 2nd period - Shot Misses the Net.
0:59 of 2nd period - Snap shot by Tobias Bjornfot.
0:59 of 2nd period - Shot Blocked by Dryden Hunt.
1:29 of 2nd period - Filip Hallander is hit by Bobby Trivigno and loses puck.
1:46 of 2nd period - Givani Smith is hit by Greg Printz and loses puck.
2:05 of 2nd period - Kevin Bahl is hit by Alex Green.
2:09 of 2nd period - Penalty to Sean Day is over, Sean Day is back on ice.
2:17 of 2nd period - Greg Printz is hit by Mitchell Stephens and loses puck.
2:55 of 2nd period - Penalty to Dennis Gilbert is over, Dennis Gilbert is back on ice.
3:12 of 2nd period - Matt Luff is hit by Martin Chromiak and loses puck.
3:23 of 2nd period - Wrist shot by Karson Kuhlman.
3:23 of 2nd period - Shot Blocked by Dennis Gilbert.
4:32 of 2nd period - Kevin Bahl is hit by Maxence Guenette.
4:48 of 2nd period - Semyon Der-Arguchintsev is hit by Darren Raddysh and loses puck.
5:16 of 2nd period - Icing by Adam Wilsby.
5:17 of 2nd period - Semyon Der-Arguchintsev wins face-off versus Filip Hallander in Heat zone.
5:20 of 2nd period - Wrist shot by Semyon Der-Arguchintsev.
5:20 of 2nd period - Shot Misses the Net.
5:54 of 2nd period - Karson Kuhlman is hit by Greg Printz and loses puck.
6:39 of 2nd period - Mitchell Stephens is hit by Greg Printz and loses puck.
6:58 of 2nd period - Philippe Daoust is hit by Jack Finley and loses puck.
7:26 of 2nd period - Snap shot by Pavel Dorofeyev.
7:26 of 2nd period - Stopped by Isaiah Saville with a rebound.
7:58 of 2nd period - Joe Hicketts is hit by Mitchell Stephens and loses puck.
8:56 of 2nd period - Darren Raddysh is hit by Jack Finley and loses puck.
9:22 of 2nd period - Icing by Casey Fitzgerald.
9:23 of 2nd period - Hudson Elynuik wins face-off versus Semyon Der-Arguchintsev in Heat zone.
9:28 of 2nd period - Chase Priskie is hit by Adam Wilsby and loses puck.
9:59 of 2nd period - Dennis Gilbert is hit by Austin Poganski and loses puck.
10:17 of 2nd period - Minor Penalty to Hunter Drew for Hooking.
10:18 of 2nd period - Mitchell Stephens wins face-off versus Dryden Hunt in Heat zone.
10:18 of 2nd period - Snap shot by Bobby Trivigno.
10:18 of 2nd period - Deflect By Mitchell Stephens.
10:18 of 2nd period - Goal by Mitchell Stephens - Heat : 0 - Checkers 1 : 1.
10:19 of 2nd period - Bobby Trivigno wins face-off versus Filip Hallander in neutral zone.
10:30 of 2nd period - Wrist shot by Filip Hallander.
10:30 of 2nd period - Deflect By Austin Poganski.
10:30 of 2nd period - Stopped by Kevin Poulin with a rebound.
11:02 of 2nd period - Off-side.
11:03 of 2nd period - Jack Finley wins face-off versus Greg Printz in neutral zone.
11:27 of 2nd period - Hunter Drew is hit by Pierre-Cedric Labrie and loses puck.
11:54 of 2nd period - Slapshot by Kevin Bahl.
11:54 of 2nd period - Stopped by Kevin Poulin with a rebound.
11:56 of 2nd period - Wrist shot by Hudson Elynuik.
11:56 of 2nd period - Deflect By Hunter Drew.
11:56 of 2nd period - Shot Hit the Post.
11:56 of 2nd period - Puck is out of play.
11:57 of 2nd period - Filip Hallander wins face-off versus Mitchell Stephens in Checkers 1 zone.
12:02 of 2nd period - Slapshot by Filip Hallander.
12:02 of 2nd period - Stopped by Kevin Poulin with a rebound.
12:04 of 2nd period - Wrist shot by Dryden Hunt.
12:04 of 2nd period - Shot Misses the Net.
12:06 of 2nd period - Wrist shot by Dryden Hunt.
12:06 of 2nd period - Stopped by Kevin Poulin with a rebound.
12:08 of 2nd period - Backhand shot by Dennis Gilbert.
12:08 of 2nd period - Shot Blocked by Mitchell Stephens.
12:10 of 2nd period - Snap shot by Matt Luff.
12:10 of 2nd period - Shot Blocked by Tobias Bjornfot.
12:12 of 2nd period - Backhand shot by Dryden Hunt.
12:12 of 2nd period - Shot Misses the Net.
12:36 of 2nd period - Wrist shot by Mitchell Stephens.
12:36 of 2nd period - Goal by Mitchell Stephens - Heat : 0 - Checkers 1 : 2.
12:37 of 2nd period - Mitchell Stephens wins face-off versus Dryden Hunt in neutral zone.
13:01 of 2nd period - Ryan Murray is hit by Tobias Bjornfot and loses puck.
13:14 of 2nd period - Filip Hallander is hit by Givani Smith and loses puck.
13:44 of 2nd period - Slapshot by Tobias Bjornfot.
13:44 of 2nd period - Stopped by Isaiah Saville without a rebound.
13:45 of 2nd period - Shane Bowers wins face-off versus Mitchell Stephens in Heat zone.
13:50 of 2nd period - Snap shot by Mitchell Stephens.
13:50 of 2nd period - Goal by Mitchell Stephens - Heat : 0 - Checkers 1 : 3.
13:51 of 2nd period - Mitchell Stephens wins face-off versus Filip Hallander in neutral zone.
14:02 of 2nd period - Snap shot by Austin Poganski.
14:02 of 2nd period - Shot Blocked by Ryan Murray.
14:04 of 2nd period - Snap shot by Maxence Guenette.
14:04 of 2nd period - Stopped by Isaiah Saville with a rebound.
14:06 of 2nd period - Snap shot by Austin Poganski.
14:06 of 2nd period - Stopped by Isaiah Saville with a rebound.
14:26 of 2nd period - Slapshot by Givani Smith.
14:26 of 2nd period - Shot Blocked by Dryden Hunt.
14:28 of 2nd period - Snap shot by Martin Chromiak.
14:28 of 2nd period - Goal by Martin Chromiak - Heat : 0 - Checkers 1 : 4.
14:28 of 2nd period - Dylan St. Cyr enters game.
14:29 of 2nd period - Mitchell Stephens wins face-off versus Dryden Hunt in neutral zone.
14:39 of 2nd period - Slapshot by Austin Poganski.
14:39 of 2nd period - Shot Blocked by Kevin Bahl.
14:41 of 2nd period - Slapshot by Tobias Bjornfot.
14:41 of 2nd period - Shot Misses the Net.
14:43 of 2nd period - Slapshot by Tobias Bjornfot.
14:43 of 2nd period - Shot Misses the Net.
17:02 of 2nd period - Matt Luff is hit by Pierre-Cedric Labrie and loses puck.
17:30 of 2nd period - Icing by Martin Chromiak.
17:31 of 2nd period - Curtis Hall wins face-off versus Pavel Dorofeyev in Checkers 1 zone.
17:32 of 2nd period - Wrist shot by Dryden Hunt.
17:32 of 2nd period - Deflect By Pavel Dorofeyev.
17:32 of 2nd period - Stopped by Kevin Poulin without a rebound.
17:33 of 2nd period - Pavel Dorofeyev wins face-off versus Curtis Hall in Checkers 1 zone.
18:13 of 2nd period - Wrist shot by Karson Kuhlman.
18:13 of 2nd period - Shot Misses the Net.
18:15 of 2nd period - Snap shot by Isaak Phillips.
18:15 of 2nd period - Shot Blocked by Ryan Murray.
18:17 of 2nd period - Wrist shot by Pierre-Cedric Labrie.
18:17 of 2nd period - Shot Blocked by Kevin Bahl.
18:19 of 2nd period - Snap shot by Jack Finley.
18:19 of 2nd period - Shot Misses the Net.
18:23 of 2nd period - Wrist shot by Karson Kuhlman.
18:23 of 2nd period - Deflect By Jack Finley.
18:23 of 2nd period - Shot Misses the Net.
18:23 of 2nd period - Puck is out of play.
18:24 of 2nd period - Semyon Der-Arguchintsev wins face-off versus Filip Hallander in Heat zone.
18:25 of 2nd period - Wrist shot by Givani Smith.
18:25 of 2nd period - Shot Blocked by Joe Hicketts.
18:27 of 2nd period - Slapshot by Martin Chromiak.
18:27 of 2nd period - Deflect By Joe Hicketts.
18:27 of 2nd period - Shot Misses the Net.
18:27 of 2nd period - Puck is out of play.
18:28 of 2nd period - Semyon Der-Arguchintsev wins face-off versus Filip Hallander in Heat zone.
18:35 of 2nd period - Wrist shot by Semyon Der-Arguchintsev.
18:35 of 2nd period - Shot Misses the Net.
18:37 of 2nd period - Snap shot by Semyon Der-Arguchintsev.
18:37 of 2nd period - Shot Misses the Net.
18:39 of 2nd period - Wrist shot by Semyon Der-Arguchintsev.
18:39 of 2nd period - Shot Misses the Net.
18:41 of 2nd period - Slapshot by Tobias Bjornfot.
18:41 of 2nd period - Shot Misses the Net.
18:43 of 2nd period - Snap shot by Martin Chromiak.
18:43 of 2nd period - Goal by Martin Chromiak - Heat : 0 - Checkers 1 : 5.
18:44 of 2nd period - Filip Hallander wins face-off versus Mitchell Stephens in neutral zone.
18:48 of 2nd period - Off-side.
18:49 of 2nd period - Mitchell Stephens wins face-off versus Filip Hallander in neutral zone.
19:34 of 2nd period - Filip Hallander is hit by Givani Smith and loses puck.
Goals for this period are 0 for Heat vs 5 for Checkers 1.
Shots for this period are 5 for Heat vs 9 for Checkers 1.

3rd period


0:01 of 3rd period - Filip Hallander wins face-off versus Mitchell Stephens in neutral zone.
0:10 of 3rd period - Snap shot by Matt Luff.
0:10 of 3rd period - Stopped by Kevin Poulin without a rebound.
0:11 of 3rd period - Mitchell Stephens wins face-off versus Dryden Hunt in Checkers 1 zone.
0:59 of 3rd period - Wrist shot by Pavel Dorofeyev.
0:59 of 3rd period - Deflect By Austin Poganski.
0:59 of 3rd period - Shot Misses the Net.
0:59 of 3rd period - Puck is out of play.
1:00 of 3rd period - Hudson Elynuik wins face-off versus Pavel Dorofeyev in Heat zone.
1:07 of 3rd period - Slapshot by Ryan Murray.
1:07 of 3rd period - Shot Misses the Net.
1:09 of 3rd period - Slapshot by Ryan Murray.
1:09 of 3rd period - Stopped by Kevin Poulin without a rebound.
1:10 of 3rd period - Mitchell Stephens wins face-off versus Filip Hallander in Checkers 1 zone.
2:00 of 3rd period - Wrist shot by Semyon Der-Arguchintsev.
2:00 of 3rd period - Shot Blocked by Filip Hallander.
2:16 of 3rd period - Slapshot by Mitchell Stephens.
2:16 of 3rd period - Deflect By Henry Thrun.
2:16 of 3rd period - Shot Misses the Net.
2:16 of 3rd period - Puck is out of play.
2:17 of 3rd period - Mitchell Stephens wins face-off versus Dryden Hunt in Heat zone.
2:18 of 3rd period - Snap shot by Austin Poganski.
2:18 of 3rd period - Goal by Austin Poganski - Heat : 0 - Checkers 1 : 6.
2:19 of 3rd period - Mitchell Stephens wins face-off versus Filip Hallander in neutral zone.
2:21 of 3rd period - Off-side.
2:22 of 3rd period - Mitchell Stephens wins face-off versus Filip Hallander in neutral zone.
2:22 of 3rd period - Ryan Murray beats up Bobby Trivigno.
2:22 of 3rd period - Penalty to Bobby Trivigno for Fighting.
2:22 of 3rd period - Penalty to Ryan Murray for Fighting.
2:22 of 3rd period - Penalty to Ryan Murray for instigated a fight.
2:22 of 3rd period - Penalty to Ryan Murray for instigated a fight.
2:23 of 3rd period - Mitchell Stephens wins face-off versus Dryden Hunt in neutral zone.
3:47 of 3rd period - Darren Raddysh is hit by Karson Kuhlman and loses puck.
4:14 of 3rd period - Isaak Phillips is hit by Darren Raddysh and loses puck.
4:22 of 3rd period - Penalty to Ryan Murray is over, Hudson Elynuik is send on ice.
4:34 of 3rd period - Icing by Karson Kuhlman.
4:35 of 3rd period - Filip Hallander wins face-off versus Pavel Dorofeyev in Checkers 1 zone.
4:38 of 3rd period - Wrist shot by Filip Hallander.
4:38 of 3rd period - Shot Blocked by Pavel Dorofeyev.
5:18 of 3rd period - Slapshot by Semyon Der-Arguchintsev.
5:18 of 3rd period - Deflect By Martin Chromiak.
5:18 of 3rd period - Stopped by Dylan St. Cyr with a rebound.
6:05 of 3rd period - Icing by Austin Poganski.
6:06 of 3rd period - Mitchell Stephens wins face-off versus Filip Hallander in Checkers 1 zone.
6:06 of 3rd period - Mitchell Stephens is hit by Kevin Bahl.
6:56 of 3rd period - Icing by Sean Day.
6:57 of 3rd period - Austin Poganski wins face-off versus Filip Hallander in Checkers 1 zone.
7:12 of 3rd period - Wrist shot by Givani Smith.
7:12 of 3rd period - Stopped by Dylan St. Cyr with a rebound.
7:31 of 3rd period - Minor Penalty to Kevin Bahl for Holding.
7:32 of 3rd period - Mitchell Stephens wins face-off versus Dryden Hunt in Heat zone.
7:33 of 3rd period - Slapshot by Bobby Trivigno.
7:33 of 3rd period - Stopped by Dylan St. Cyr with a rebound.
7:35 of 3rd period - Snap shot by Sean Day.
7:35 of 3rd period - Checkers 1 goal is going for a video replay.
7:35 of 3rd period - The goal is good.
7:35 of 3rd period - Goal by Sean Day - Heat : 0 - Checkers 1 : 7.
7:36 of 3rd period - Filip Hallander wins face-off versus Mitchell Stephens in neutral zone.
7:47 of 3rd period - Snap shot by Matt Luff.
7:47 of 3rd period - Stopped by Kevin Poulin with a rebound.
7:57 of 3rd period - Matt Luff is hit by Bobby Trivigno.
8:09 of 3rd period - Givani Smith is hit by Filip Hallander.
8:18 of 3rd period - Snap shot by Dryden Hunt.
8:18 of 3rd period - Stopped by Kevin Poulin with a rebound.
8:20 of 3rd period - Slapshot by Kevin Bahl.
8:20 of 3rd period - Stopped by Kevin Poulin with a rebound.
8:26 of 3rd period - Wrist shot by Filip Hallander.
8:26 of 3rd period - Stopped by Kevin Poulin with a rebound.
8:28 of 3rd period - Slapshot by Filip Hallander.
8:28 of 3rd period - Stopped by Kevin Poulin with a rebound.
8:30 of 3rd period - Snap shot by Matt Luff.
8:30 of 3rd period - Shot Blocked by Semyon Der-Arguchintsev.
8:34 of 3rd period - Slapshot by Matt Luff.
8:34 of 3rd period - Stopped by Kevin Poulin with a rebound.
8:36 of 3rd period - Slapshot by Joe Hicketts.
8:36 of 3rd period - Deflect By Filip Hallander.
8:36 of 3rd period - Stopped by Kevin Poulin with a rebound.
8:38 of 3rd period - Slapshot by Matt Luff.
8:38 of 3rd period - Heat goal is going for a video replay.
8:38 of 3rd period - The goal is good.
8:38 of 3rd period - Goal by Matt Luff - Heat : 1 - Checkers 1 : 7.
8:39 of 3rd period - Dryden Hunt wins face-off versus Austin Poganski in neutral zone.
9:27 of 3rd period - Snap shot by Austin Poganski.
9:27 of 3rd period - Shot Misses the Net.
9:29 of 3rd period - Wrist shot by Bobby Trivigno.
9:29 of 3rd period - Stopped by Dylan St. Cyr with a rebound.
9:31 of 3rd period - Snap shot by Austin Poganski.
9:31 of 3rd period - Shot Misses the Net.
12:38 of 3rd period - Icing by Kevin Bahl.
12:39 of 3rd period - Semyon Der-Arguchintsev wins face-off versus Curtis Hall in Heat zone.
12:48 of 3rd period - Wrist shot by Givani Smith.
12:48 of 3rd period - Stopped by Dylan St. Cyr without a rebound.
12:49 of 3rd period - Semyon Der-Arguchintsev wins face-off versus Filip Hallander in Heat zone.
12:50 of 3rd period - Snap shot by Martin Chromiak.
12:50 of 3rd period - Shot Misses the Net.
12:56 of 3rd period - Snap shot by Givani Smith.
12:56 of 3rd period - Stopped by Dylan St. Cyr with a rebound.
12:58 of 3rd period - Slapshot by Givani Smith.
12:58 of 3rd period - Stopped by Dylan St. Cyr with a rebound.
13:00 of 3rd period - Wrist shot by Givani Smith.
13:00 of 3rd period - Stopped by Dylan St. Cyr with a rebound.
13:02 of 3rd period - Snap shot by Givani Smith.
13:02 of 3rd period - Shot Blocked by Kevin Bahl.
13:46 of 3rd period - Minor Penalty to Hudson Elynuik for Holding.
13:47 of 3rd period - Mitchell Stephens wins face-off versus Dryden Hunt in Heat zone.
13:50 of 3rd period - Snap shot by Austin Poganski.
13:50 of 3rd period - Shot Misses the Net.
14:30 of 3rd period - Wrist shot by Bobby Trivigno.
14:30 of 3rd period - Shot Misses the Net.
15:46 of 3rd period - Penalty to Hudson Elynuik is over, Hudson Elynuik is back on ice.
15:51 of 3rd period - Darren Raddysh is hit by Karson Kuhlman and loses puck.
16:25 of 3rd period - Icing by Hudson Elynuik.
16:26 of 3rd period - Jack Finley wins face-off versus Filip Hallander in Heat zone.
16:27 of 3rd period - Snap shot by Karson Kuhlman.
16:27 of 3rd period - Stopped by Dylan St. Cyr without a rebound.
16:28 of 3rd period - Filip Hallander wins face-off versus Jack Finley in Heat zone.
16:35 of 3rd period - Slapshot by Joe Hicketts.
16:35 of 3rd period - Stopped by Kevin Poulin without a rebound.
16:36 of 3rd period - Filip Hallander wins face-off versus Jack Finley in Checkers 1 zone.
16:51 of 3rd period - Wrist shot by Jack Finley.
16:51 of 3rd period - Shot Misses the Net.
16:53 of 3rd period - Snap shot by Jack Finley.
16:53 of 3rd period - Deflect By Karson Kuhlman.
16:53 of 3rd period - Goal by Karson Kuhlman - Heat : 1 - Checkers 1 : 8.
16:54 of 3rd period - Mitchell Stephens wins face-off versus Filip Hallander in neutral zone.
17:03 of 3rd period - Backhand shot by Dryden Hunt.
17:03 of 3rd period - Stopped by Kevin Poulin with a rebound.
17:09 of 3rd period - Wrist shot by Dryden Hunt.
17:09 of 3rd period - Stopped by Kevin Poulin with a rebound.
17:19 of 3rd period - Kevin Bahl is hit by Jack Finley and loses puck.
17:22 of 3rd period - 10 Minutes Misconduct Penalty to Ryan Murray is over.
17:52 of 3rd period - Slapshot by Maxence Guenette.
17:52 of 3rd period - Stopped by Dylan St. Cyr with a rebound.
17:54 of 3rd period - Slapshot by Maxence Guenette.
17:54 of 3rd period - Stopped by Dylan St. Cyr with a rebound.
18:15 of 3rd period - Chase Priskie and Greg Printz fight to a draw.
18:15 of 3rd period - Penalty to Chase Priskie for Fighting.
18:15 of 3rd period - Penalty to Greg Printz for Fighting.
18:16 of 3rd period - Austin Poganski wins face-off versus Filip Hallander in Checkers 1 zone.
18:16 of 3rd period - Bobby Trivigno is hit by Filip Hallander and loses puck.
18:42 of 3rd period - Hudson Elynuik is hit by Givani Smith and loses puck.
18:48 of 3rd period - Icing by Dryden Hunt.
18:49 of 3rd period - Dryden Hunt wins face-off versus Semyon Der-Arguchintsev in Heat zone.
18:49 of 3rd period - Dryden Hunt is hit by Givani Smith.
19:44 of 3rd period - Wrist shot by Matt Luff.
19:44 of 3rd period - Shot Misses the Net.
Goals for this period are 1 for Heat vs 3 for Checkers 1.
Shots for this period are 13 for Heat vs 14 for Checkers 1.